APP
HELENA BREWERS @ KINGSPORT METS
08/19/2045
 
TOP OF THE 1ST
Helena Brewers batting - Pitching for Kingsport Mets : LHP Steve Kelly
Pitching: LHP Steve Kelly
Batting: LHB Pablo Cardona 0-0: Called Strike
0-1: Called Strike
0-2: Fly out, F3 (Popup, 3SF, EV 81.9 MPH)
Batting: RHB Nick Cummings 0-0: SINGLE (Groundball, 56D, EV 94.4 MPH)
Batting: RHB Juan Villanueva 0-0: Ball
Nick Cummings steals 2nd base (no throw)
1-0: Fly out, F9 (Flyball, 89S, EV 71.9 MPH)
Batting: RHB Brad Wren 0-0: Ball
1-0: Ball
2-0: Called Strike
2-1: Ball
3-1: Called Strike
3-2: SINGLE (Line Drive, 78S, EV 93.1 MPH)
Nick Cummings to third
Runner from 3rd tries for Home, SAFE, throw by LF to home
Brad Wren to second
Batting: RHB Cameron Rattenbury 0-0: Called Strike
0-1: Ball
1-1: Reached on error, E5 (Groundball, 56, EV 105.6 MPH)
Brad Wren to third
Batting: LHB Umar Matoub 0-0: Ball
1-0: Ball
2-0: Swinging Strike
Passed Ball!
Brad Wren scores
Cameron Rattenbury to second
2-1: Foul Ball, location: 2F
2-2: Foul Ball, location: 2F
2-2: Ball
3-2: Foul Ball, location: 2F
3-2: Strikes out swinging
Top of the 1st over - 2 runs, 2 hits, 1 error, 1 left on base; Helena 2 - Kingsport 0
BOTTOM OF THE 1ST
Kingsport Mets batting - Pitching for Helena Brewers : RHP Josh Brakefield
Pitching: RHP Josh Brakefield
Batting: SHB Jason Larson 0-0: Ball
1-0: Ball
2-0: Called Strike
2-1: Foul Ball, location: 2F
2-2: Fly out, F9 (Flyball, 89M, EV 81.9 MPH)
Batting: LHB Jeremy Moorehead 0-0: Ball
1-0: Foul Ball, location: 2F
1-1: Ball
2-1: SINGLE (Groundball, 34D, EV 100.6 MPH)
Batting: LHB Dan Bremseth 0-0: Called Strike
0-1: SINGLE (Line Drive, 8RS, EV 103.1 MPH)
Jeremy Moorehead to second
Batting: SHB Justin Wallace 0-0: Ball
1-0: Foul Ball, location: 2F
1-1: Ball
2-1: Swinging Strike
2-2: 3-RUN HOME RUN (Flyball, 78XD, EV 103.8 MPH), Distance : 416 ft
Batting: RHB Artyom Shavkunov 0-0: Called Strike
0-1: Ground out U3 (Groundball, 34, EV 81.2 MPH)
Batting: SHB Callum Lynch 0-0: Foul Ball, location: 2F
0-1: Ball
1-1: Swinging Strike
1-2: SINGLE (Groundball, 25, EV 66.2 MPH) (infield hit)
Batting: RHB Frank Shaw 0-0: Ball
1-0: SINGLE (Line Drive, 89M, EV 105.0 MPH)
Callum Lynch to second
Batting: RHB Jake Geib 0-0: Ball
1-0: Foul Ball, location: 2F
1-1: Ball
2-1: Ball
3-1: Base on Balls
Callum Lynch to third
Frank Shaw to second
Batting: RHB Jack Nickleberry 0-0: Foul Ball, location: 2F
0-1: Ball
1-1: Ball
2-1: Foul Ball, location: 2F
2-2: Fly out, F4 (Line Drive, 4, EV 62.5 MPH)
Bottom of the 1st over - 3 runs, 5 hits, 0 errors, 3 left on base; Helena 2 - Kingsport 3
TOP OF THE 2ND
Helena Brewers batting - Pitching for Kingsport Mets : LHP Steve Kelly
Batting: RHB Dusty Bates 0-0: Ball
1-0: Ball
2-0: Called Strike
2-1: Ball
3-1: Base on Balls
Batting: RHB Eli Valles 0-0: Ball
1-0: Ground out 4-3 (Groundball, 4MS, EV 73.8 MPH)
Dusty Bates to second
Batting: SHB Ramon Perez 0-0: Ball
1-0: Called Strike
1-1: Called Strike
1-2: Strikes out swinging
Batting: LHB Pablo Cardona 0-0: Ball
1-0: Foul Ball, location: 2F
1-1: SINGLE (Flyball, 34D, EV 89.4 MPH)
Dusty Bates to third
Batting: RHB Nick Cummings 0-0: Ball
1-0: Ball
2-0: SINGLE (Line Drive, 89M, EV 107.5 MPH)
Dusty Bates scores
Pablo Cardona to second
Batting: RHB Juan Villanueva 0-0: Foul Ball, location: 2F
0-1: Ball
1-1: Ball
2-1: Swinging Strike
2-2: Ball
3-2: Foul Ball, location: 2F
3-2: Strikes out swinging
Top of the 2nd over - 1 run, 2 hits, 0 errors, 2 left on base; Helena 3 - Kingsport 3
BOTTOM OF THE 2ND
Kingsport Mets batting - Pitching for Helena Brewers : RHP Josh Brakefield
Batting: SHB Jason Larson 0-0: Called Strike
0-1: Fly out, F8 (Flyball, 89D, EV 81.2 MPH)
Batting: LHB Jeremy Moorehead 0-0: Ball
1-0: Ball
2-0: Ground out 5-3 (Groundball, 5, EV 101.2 MPH)
Batting: LHB Dan Bremseth 0-0: Called Strike
0-1: Foul Ball, location: 2F
0-2: Ball
1-2: Foul Ball, location: 2F
1-2: SINGLE (Line Drive, 9LS, EV 86.9 MPH)
Batting: SHB Justin Wallace 0-0: Ball
1-0: Called Strike
Dan Bremseth steals 2nd base
1-1: Ball
2-1: Foul Ball, location: 2F
2-2: Foul Ball, location: 2F
2-2: Fly out, F7 (Flyball, 78D, EV 86.9 MPH)
Bottom of the 2nd over - 0 runs, 1 hit, 0 errors, 1 left on base; Helena 3 - Kingsport 3
TOP OF THE 3RD
Helena Brewers batting - Pitching for Kingsport Mets : LHP Steve Kelly
Batting: RHB Brad Wren 0-0: Foul Ball, location: 2F
0-1: Ball
1-1: Ball
2-1: Swinging Strike
2-2: Ball
3-2: Base on Balls
Batting: RHB Cameron Rattenbury 0-0: Foul Ball, location: 2F
0-1: Called Strike
0-2: Ball
1-2: Ball
2-2: SINGLE (Line Drive, 8LM, EV 86.2 MPH)
Brad Wren to second
Batting: LHB Umar Matoub 0-0: Ball
1-0: Ball
2-0: Swinging Strike
2-1: Fielders Choice at 2nd, 3-6 (Groundball, 3, EV 101.2 MPH)
Brad Wren to third
Batting: RHB Dusty Bates 0-0: Called Strike
0-1: Foul Ball, location: 2F
0-2: Strikes out looking
Batting: RHB Eli Valles 0-0: Ball
1-0: Ball
2-0: Ball
3-0: Base on Balls
Umar Matoub to second
Batting: SHB Ramon Perez 0-0: Ball
1-0: Swinging Strike
1-1: Foul Ball, location: 2F
1-2: Strikes out swinging
Top of the 3rd over - 0 runs, 1 hit, 0 errors, 3 left on base; Helena 3 - Kingsport 3
BOTTOM OF THE 3RD
Kingsport Mets batting - Pitching for Helena Brewers : RHP Josh Brakefield
Batting: RHB Artyom Shavkunov 0-0: Fly out, F8 (Flyball, 8LM, EV 85.0 MPH)
Batting: SHB Callum Lynch 0-0: SINGLE (Line Drive, 7S, EV 95.0 MPH)
Batting: RHB Frank Shaw 0-0: Ball
1-0: Foul Ball, location: 2F
1-1: Ball
Callum Lynch steals 2nd base
2-1: Foul Ball, location: 2F
2-2: Ball
3-2: Ground out 2-3 (Groundball, 15S, EV 67.5 MPH)
Callum Lynch to third
Batting: RHB Jake Geib 0-0: Swinging Strike
0-1: Ground out U3 (Groundball, 3, EV 83.1 MPH)
Bottom of the 3rd over - 0 runs, 1 hit, 0 errors, 1 left on base; Helena 3 - Kingsport 3
TOP OF THE 4TH
Helena Brewers batting - Pitching for Kingsport Mets : LHP Steve Kelly
Batting: LHB Pablo Cardona 0-0: Called Strike
0-1: Ball
1-1: Foul Ball, location: 2F
1-2: Ball
2-2: Foul Ball, location: 2F
2-2: Strikes out looking
Batting: RHB Nick Cummings 0-0: DOUBLE (Groundball, 5L, EV 103.1 MPH)
Batting: RHB Juan Villanueva 0-0: Ball
1-0: Ball
Nick Cummings steals 3rd base
2-0: Ball
3-0: Called Strike
3-1: Foul Ball, location: 2F
3-2: Fly out, F8 (Flyball, 89XD, EV 96.9 MPH)
Runner from 3rd tags up, SCORES, no throw by CF
Batting: RHB Brad Wren 0-0: Called Strike
0-1: Ball
1-1: SOLO HOME RUN (Flyball, 89XD, EV 97.5 MPH), Distance : 402 ft
Batting: RHB Cameron Rattenbury 0-0: Ball
1-0: Foul Ball, location: 2F
1-1: Ball
2-1: Swinging Strike
2-2: Ball
3-2: Strikes out swinging
Top of the 4th over - 2 runs, 2 hits, 0 errors, 0 left on base; Helena 5 - Kingsport 3
BOTTOM OF THE 4TH
Kingsport Mets batting - Pitching for Helena Brewers : RHP Josh Brakefield
Batting: RHB Jack Nickleberry 0-0: Called Strike
0-1: Foul Ball, location: 2F
0-2: Strikes out swinging
Batting: SHB Jason Larson 0-0: Called Strike
0-1: Ball
1-1: Ball
2-1: Ball
3-1: Foul Ball, location: 2F
3-2: Ground out U3 (Groundball, 3L, EV 82.5 MPH)
Batting: LHB Jeremy Moorehead 0-0: Ball
1-0: Called Strike
1-1: Called Strike
1-2: Ball
2-2: Ball
3-2: Base on Balls
Pitching: RHP Sho Sekine
Batting: LHB Dan Bremseth 0-0: Ball
Jeremy Moorehead steals 2nd, throwing error, E2
Jeremy Moorehead to third
1-0: Ball
2-0: Ball
3-0: Base on Balls
Batting: SHB Justin Wallace 0-0: Called Strike
0-1: Fly out, F9 (Line Drive, 9D, EV 102.5 MPH)
Bottom of the 4th over - 0 runs, 0 hits, 1 error, 2 left on base; Helena 5 - Kingsport 3
TOP OF THE 5TH
Helena Brewers batting - Pitching for Kingsport Mets : LHP Steve Kelly
Batting: LHB Umar Matoub 0-0: Called Strike
0-1: SINGLE (Line Drive, 9S, EV 93.8 MPH)
Batting: RHB Dusty Bates 0-0: Ball
1-0: Ball
2-0: Ball
3-0: Swinging Strike
3-1: Foul Ball, location: 2F
3-2: Strikes out looking
Batting: RHB Eli Valles 0-0: Ball
1-0: Ball
2-0: Foul Ball, location: 2F
2-1: SINGLE (Groundball, 6S, EV 71.9 MPH) (infield hit)
Umar Matoub to second
Pitching: RHP Thomas Clark
Batting: SHB Ramon Perez 0-0: Foul Ball, location: 2F
0-1: Ball
1-1: Swinging Strike
1-2: Fly out, F6 (Popup, 4D, EV 37.5 MPH)
Batting: LHB Pablo Cardona 0-0: Ball
1-0: Swinging Strike
1-1: SINGLE (Line Drive, 8RS, EV 88.1 MPH)
Umar Matoub to third
Eli Valles to second
Batting: RHB Nick Cummings 0-0: Fly out, F8 (Flyball, 78D, EV 91.9 MPH)
Top of the 5th over - 0 runs, 3 hits, 0 errors, 3 left on base; Helena 5 - Kingsport 3
BOTTOM OF THE 5TH
Kingsport Mets batting - Pitching for Helena Brewers : RHP Sho Sekine
Batting: RHB Artyom Shavkunov 0-0: Ball
1-0: Called Strike
1-1: Ball
2-1: Ground out U3 (Groundball, 3L, EV 103.1 MPH)
Batting: SHB Callum Lynch 0-0: Ball
1-0: Called Strike
1-1: Ball
2-1: Called Strike
2-2: Fly out, F7 (Flyball, 7LS, EV 92.5 MPH)
Batting: RHB Frank Shaw 0-0: Ball
1-0: Called Strike
1-1: Called Strike
1-2: Ball
2-2: Strikes out swinging, 2-3 out at first.
Bottom of the 5th over - 0 runs, 0 hits, 0 errors, 0 left on base; Helena 5 - Kingsport 3
TOP OF THE 6TH
Helena Brewers batting - Pitching for Kingsport Mets : RHP Thomas Clark
Batting: RHB Juan Villanueva 0-0: Ball
1-0: Ball
2-0: Called Strike
2-1: Ball
3-1: SINGLE (Flyball, 8LS, EV 91.9 MPH)
Batting: RHB Brad Wren 0-0: Foul Ball, location: 2F
0-1: Called Strike
0-2: Strikes out looking
Batting: RHB Cameron Rattenbury 0-0: Foul Ball, location: 2F
0-1: Swinging Strike
0-2: Foul Ball, location: 2F
0-2: Foul Ball, location: 2F
0-2: Ball
1-2: Ball
2-2: Foul Ball, location: 2F
2-2: Foul Ball, location: 2F
2-2: Strikes out swinging
Pitching: RHP Marvin Merino
Batting: LHB Umar Matoub 0-0: Swinging Strike
0-1: Called Strike
0-2: Foul Ball, location: 2F
0-2: Ball
1-2: Strikes out looking
Top of the 6th over - 0 runs, 1 hit, 0 errors, 1 left on base; Helena 5 - Kingsport 3
BOTTOM OF THE 6TH
Kingsport Mets batting - Pitching for Helena Brewers : RHP Sho Sekine
Batting: RHB Jake Geib 0-0: Ball
1-0: Swinging Strike
1-1: SINGLE (Groundball, 56, EV 108.1 MPH) (infield hit)
Batting: RHB Jack Nickleberry 0-0: Ground out 4-3 (Groundball, 34, EV 107.5 MPH)
Jake Geib to second
Batting: SHB Jason Larson 0-0: Ball
1-0: SINGLE (Line Drive, 34, EV 99.4 MPH)
Jake Geib to third
Batting: LHB Jeremy Moorehead 0-0: Called Strike
Jason Larson steals 2nd base
0-1: Ball
1-1: Swinging Strike
1-2: Ball
2-2: Foul Ball, location: 2F
2-2: Strikes out swinging
Batting: LHB Dan Bremseth 0-0: Called Strike
0-1: Foul Ball, location: 2F
0-2: Foul Ball, location: 2F
0-2: Ball
1-2: Ball
2-2: Strikes out looking
Bottom of the 6th over - 0 runs, 2 hits, 0 errors, 2 left on base; Helena 5 - Kingsport 3
TOP OF THE 7TH
Helena Brewers batting - Pitching for Kingsport Mets : RHP Marvin Merino
Pitching: LHP Tony Diaz
Batting: RHB Dusty Bates 0-0: Foul Ball, location: 2F
0-1: Foul Ball, location: 2F
0-2: Ball
1-2: Strikes out looking
Pitching: LHP Ken Dewey
Batting: RHB Eli Valles 0-0: Swinging Strike
0-1: Ball
1-1: Ball
2-1: Called Strike
2-2: Foul Ball, location: 2F
2-2: Ball
3-2: Foul Ball, location: 2F
3-2: Strikes out swinging
Batting: SHB Ramon Perez 0-0: Ball
1-0: Ball
2-0: Fly out, F9 (Flyball, 9LS, EV 96.9 MPH)
Top of the 7th over - 0 runs, 0 hits, 0 errors, 0 left on base; Helena 5 - Kingsport 3
BOTTOM OF THE 7TH
Kingsport Mets batting - Pitching for Helena Brewers : RHP Sho Sekine
Pitching: LHP Tim Phillips
Batting: SHB Justin Wallace 0-0: Ball
1-0: Ball
2-0: Ball
3-0: Base on Balls
Batting: RHB Artyom Shavkunov 0-0: Foul Ball, location: 2F
0-1: Foul Ball, location: 2F
0-2: Foul Ball, location: 2F
0-2: Ball
1-2: Strikes out swinging
Batting: SHB Callum Lynch 0-0: Ball
1-0: Ball
2-0: Ball
3-0: Base on Balls
Justin Wallace to second
Pinch Runner at 2nd Jason Caruso:
Batting: RHB Frank Shaw 0-0: Reached on error, E5 (Groundball, 56, EV 87.5 MPH)
Jason Caruso to third
Callum Lynch to second
Batting: RHB Jake Geib 0-0: Ball
1-0: Called Strike
1-1: Ball
2-1: Called Strike
2-2: Foul Ball, location: 2F
2-2: Ball
3-2: Foul Ball, location: 2F
3-2: Grounds into fielders choice 6-2 (Groundball, 6, EV 85.0 MPH)
Callum Lynch to third
Frank Shaw to second
Batting: RHB Jack Nickleberry 0-0: Foul Ball, location: 2F
0-1: Ball
Wild Pitch!
Callum Lynch scores
Frank Shaw to third
Jake Geib to second
1-1: Ball
2-1: Called Strike
2-2: Ball
3-2: Base on Balls
Pitching: RHP Addick Huiberts
Batting: SHB Jason Larson 0-0: Called Strike
0-1: Fly out, F6 (Popup, 4M, EV 68.1 MPH)
Bottom of the 7th over - 1 run, 0 hits, 1 error, 3 left on base; Helena 5 - Kingsport 4
TOP OF THE 8TH
Helena Brewers batting - Pitching for Kingsport Mets : LHP Ken Dewey
Now at 3B: Jason Caruso
Batting: LHB Pablo Cardona 0-0: Foul Ball, location: 2F
0-1: Ball
1-1: Called Strike
1-2: Ball
2-2: Ball
3-2: Base on Balls
Batting: RHB Nick Cummings 0-0: Ball
1-0: Ball
2-0: Ball
3-0: Called Strike
3-1: Called Strike
3-2: Foul Ball, location: 2F
3-2: Grounds into double play, 6-4-3 (Groundball, 6, EV 85.0 MPH)
Batting: RHB Juan Villanueva 0-0: Called Strike
0-1: Foul Ball, location: 2F
0-2: Foul Ball, location: 2F
0-2: Strikes out swinging
Top of the 8th over - 0 runs, 0 hits, 0 errors, 0 left on base; Helena 5 - Kingsport 4
BOTTOM OF THE 8TH
Kingsport Mets batting - Pitching for Helena Brewers : RHP Addick Huiberts
Batting: LHB Jeremy Moorehead 0-0: Ball
1-0: Swinging Strike
1-1: Ball
2-1: Ball
3-1: Foul Ball, location: 2F
3-2: Strikes out looking
Batting: LHB Dan Bremseth 0-0: Foul Ball, location: 2F
0-1: Ground out 4-3 (Groundball, 4, EV 86.9 MPH)
Batting: SHB Jason Caruso 0-0: SINGLE (Groundball, 6MS, EV 60.0 MPH) (infield hit)
Batting: RHB Artyom Shavkunov 0-0: Ball
1-0: SINGLE (Groundball, 6MD, EV 97.5 MPH)
Jason Caruso to second
Batting: SHB Callum Lynch 0-0: Ball
Wild Pitch!
Jason Caruso to third
Artyom Shavkunov to second
1-0: SINGLE (Groundball, 4MD, EV 100.6 MPH)
Jason Caruso scores
Artyom Shavkunov to third
Batting: RHB Frank Shaw 0-0: Called Strike
0-1: Swinging Strike
0-2: Ball
Callum Lynch steals 2nd base
1-2: Foul Ball, location: 2F
1-2: Foul Ball, location: 2F
1-2: Ball
2-2: Strikes out looking
Bottom of the 8th over - 1 run, 3 hits, 0 errors, 2 left on base; Helena 5 - Kingsport 5
TOP OF THE 9TH
Helena Brewers batting - Pitching for Kingsport Mets : LHP Ken Dewey
Pitching: RHP Andy Carrell
Batting: SHB Sam Bingham 0-0: Foul Ball, location: 2F
0-1: Foul Ball, location: 2F
0-2: Ball
1-2: TRIPLE (Line Drive, 9LD, EV 100.6 MPH)
Batting: RHB Cameron Rattenbury 0-0: Ball
1-0: Ball
2-0: Fly out, F8 (Flyball, 78D, EV 86.9 MPH)
Runner from 3rd tags up, SCORES, throw by CF
Batting: LHB Umar Matoub 0-0: Called Strike
0-1: Foul Ball, location: 2F
0-2: Foul Ball, location: 2F
0-2: Ball
1-2: Ball
2-2: Hit by Pitch
Batting: RHB Dusty Bates 0-0: Ball
1-0: Swinging Strike
1-1: Ball
2-1: Ball
3-1: Base on Balls
Umar Matoub to second
Batting: RHB Eli Valles 0-0: Called Strike
0-1: Swinging Strike
0-2: Ball
1-2: Strikes out swinging
Batting: SHB Ramon Perez 0-0: Ball
1-0: Ball
2-0: Ball
3-0: Called Strike
3-1: Base on Balls
Umar Matoub to third
Dusty Bates to second
Batting: LHB Pablo Cardona 0-0: Ball
1-0: Called Strike
1-1: Ball
2-1: Ball
3-1: Base on Balls
Umar Matoub scores
Dusty Bates to third
Ramon Perez to second
Batting: RHB Nick Cummings 0-0: Ground out 6-3 (Groundball, 6S, EV 89.4 MPH)
Top of the 9th over - 2 runs, 1 hit, 0 errors, 3 left on base; Helena 7 - Kingsport 5
BOTTOM OF THE 9TH
Kingsport Mets batting - Pitching for Helena Brewers : RHP Addick Huiberts
Pitching: RHP Alejandro Souto
Batting: RHB Jake Geib 0-0: Called Strike
0-1: Ball
1-1: Called Strike
1-2: Strikes out looking
Batting: RHB Jack Nickleberry 0-0: Ball
1-0: Foul Ball, location: 2F
1-1: Called Strike
1-2: Ball
2-2: Ball
3-2: Foul Ball, location: 2F
3-2: DOUBLE (Groundball, 5L, EV 97.5 MPH)
Batting: SHB Jason Larson 0-0: Ball
1-0: Fly out, F7 (Line Drive, 7, EV 93.1 MPH)
Batting: LHB Jeremy Moorehead 0-0: Called Strike
0-1: Ground out U3 (Groundball, 3, EV 90.0 MPH)
Bottom of the 9th over - 0 runs, 1 hit, 0 errors, 1 left on base; Helena 7 - Kingsport 5
Wednesday, June 22nd , 2022 - OOTP Baseball 23.4 Build 64